| TOP OF THE 1ST |
|
Altoona Curve batting - Pitching for San Antonio Missions : LHP Luis Sanchez
|
|
Pitching: LHP Luis Sanchez
|
|
|
Batting: RHB Terrence Wilson
|
0-0: Ball 1-0: Ball 2-0: Foul Ball, location: 2F 2-1: Foul Ball, location: 2F 2-2: Foul Ball, location: 2F 2-2: Ball 3-2: Ground out 6-3 (Groundball, 6, EV 86.2 MPH)
|
|
Batting: RHB Jaime Dubicki
|
0-0: Ball 1-0: Ball 2-0: Foul Ball, location: 2F 2-1: Called Strike 2-2: Foul Ball, location: 2F 2-2: Foul Ball, location: 2F 2-2: Foul Ball, location: 2F 2-2: Ball 3-2: Foul Ball, location: 2F 3-2: Strikes out looking
|
|
Batting: RHB Melvin Durland
|
0-0: Called Strike 0-1: Ball 1-1: Ball 2-1: Called Strike 2-2: Foul Ball, location: 2F 2-2: Fly out, F8 (Flyball, 8RM, EV 89.4 MPH)
|
| Top of the 1st over - 0 runs, 0 hits, 0 errors, 0 left on base; Altoona 0 - San Antonio 0 |
| BOTTOM OF THE 1ST |
|
San Antonio Missions batting - Pitching for Altoona Curve : RHP Eric Bourque
|
|
Pitching: RHP Eric Bourque
|
|
|
Batting: LHB Pat Aviles
|
0-0: Foul Ball, location: 2F 0-1: SINGLE (Groundball, 6, EV 106.9 MPH)
|
|
Batting: RHB Kory Sanchez
|
0-0: Ball Passed Ball! Pat Aviles to second 1-0: Foul Ball, location: 2F 1-1: Ball 2-1: Fly out, F9 (Line Drive, 9, EV 96.2 MPH)
|
|
Batting: LHB Chad Cutler
|
0-0: Called Strike 0-1: 2-RUN HOME RUN (Flyball, 9D, EV 95.0 MPH), Distance : 379 ft
|
|
Batting: RHB Chase Briney
|
0-0: Ball 1-0: SINGLE (Groundball, 25, EV 70.0 MPH) (infield hit)
|
|
Batting: RHB Caleb Russell
|
0-0: Ball 1-0: Fielders Choice at 2nd, 2-4 (Groundball, 15S, EV 67.5 MPH)
|
|
Batting: RHB Andres Valles
|
0-0: Called Strike 0-1: Called Strike 0-2: Strikes out swinging
|
| Bottom of the 1st over - 2 runs, 3 hits, 0 errors, 1 left on base; Altoona 0 - San Antonio 2 |
| TOP OF THE 2ND |
|
Altoona Curve batting - Pitching for San Antonio Missions : LHP Luis Sanchez
|
|
Batting: RHB Jeff Edwards
|
0-0: Ball 1-0: Ball 2-0: Called Strike 2-1: Foul Ball, location: 2F 2-2: Fly out, F5 (Popup, 5S, EV 68.1 MPH)
|
|
Batting: SHB Ronnie Brooks
|
0-0: Ball 1-0: Fly out, F8 (Flyball, 8RD, EV 104.4 MPH)
|
|
Batting: RHB Joe Young
|
0-0: Ground out 6-3 (Groundball, 6, EV 81.2 MPH)
|
| Top of the 2nd over - 0 runs, 0 hits, 0 errors, 0 left on base; Altoona 0 - San Antonio 2 |
| BOTTOM OF THE 2ND |
|
San Antonio Missions batting - Pitching for Altoona Curve : RHP Eric Bourque
|
|
Batting: RHB Travis Carter
|
0-0: SOLO HOME RUN (Flyball, 7D, EV 98.1 MPH), Distance : 357 ft
|
|
Batting: RHB Niek de Haan
|
0-0: Called Strike 0-1: Ball 1-1: Ball 2-1: Swinging Strike 2-2: Foul Ball, location: 2F 2-2: Ball 3-2: Fly out, F2 (Popup, 25F, EV 88.8 MPH)
|
|
Batting: RHB Mike MacLeod
|
0-0: Swinging Strike 0-1: SOLO HOME RUN (Flyball, 78XD, EV 99.4 MPH), Distance : 406 ft
|
|
Batting: LHB Pat Aviles
|
0-0: Called Strike 0-1: Foul Ball, location: 2F 0-2: Ball 1-2: Ball 2-2: SINGLE (Groundball, 4MS, EV 63.1 MPH) (infield hit)
|
|
Batting: RHB Kory Sanchez
|
0-0: Foul Ball, location: 2F 0-1: Ball 1-1: Ball 2-1: SINGLE (Groundball, 6MD, EV 103.1 MPH) Pat Aviles to second Runner from 2nd tries for 3rd, SAFE, throw by CF made to third
|
|
Batting: LHB Chad Cutler
|
0-0: Called Strike 0-1: Ball 1-1: Ball 2-1: Ball 3-1: Called Strike 3-2: SINGLE (Line Drive, 34, EV 104.4 MPH) Pat Aviles scores Kory Sanchez to second
|
|
Pitching: RHP Hitoshi Yoshihara
|
|
|
Batting: RHB Chase Briney
|
0-0: Ball 1-0: Ball 2-0: Called Strike 2-1: Fielders Choice at 2nd, 6-4 (Groundball, 6, EV 101.2 MPH) Kory Sanchez to third
|
|
Batting: RHB Caleb Russell
|
0-0: Foul Ball, location: 2F 0-1: Ball 1-1: Fly out, F9 (Flyball, 9LS, EV 91.9 MPH)
|
| Bottom of the 2nd over - 3 runs, 5 hits, 0 errors, 2 left on base; Altoona 0 - San Antonio 5 |
| TOP OF THE 3RD |
|
Altoona Curve batting - Pitching for San Antonio Missions : LHP Luis Sanchez
|
|
Batting: LHB Carlos Vega
|
0-0: Ground out 6-3 (Groundball, 6, EV 83.1 MPH)
|
|
Batting: LHB Donald Imre
|
0-0: Ball 1-0: DOUBLE (Line Drive, 9LS, EV 110.0 MPH)
|
|
Batting: LHB Mike Handrahan
|
0-0: Ball 1-0: Ball 2-0: Foul Ball, location: 2F 2-1: Foul Ball, location: 2F 2-2: Ball 3-2: Strikes out swinging
|
|
Batting: RHB Terrence Wilson
|
0-0: Ball 1-0: Foul Ball, location: 2F 1-1: Called Strike 1-2: Reached on error, E6 (Groundball, 6, EV 88.1 MPH) Donald Imre to third
|
|
Batting: RHB Jaime Dubicki
|
0-0: Foul Ball, location: 2F 0-1: Foul Ball, location: 2F 0-2: Strikes out swinging
|
| Top of the 3rd over - 0 runs, 1 hit, 1 error, 2 left on base; Altoona 0 - San Antonio 5 |
| BOTTOM OF THE 3RD |
|
San Antonio Missions batting - Pitching for Altoona Curve : RHP Hitoshi Yoshihara
|
|
Batting: RHB Andres Valles
|
0-0: Called Strike 0-1: Ball 1-1: Ground out U3 (Groundball, 34, EV 90.6 MPH)
|
|
Batting: RHB Travis Carter
|
0-0: Ball 1-0: Ball 2-0: Fly out, F7 (Flyball, 7, EV 88.1 MPH)
|
|
Batting: RHB Niek de Haan
|
0-0: Called Strike 0-1: Ground out 5-3 (Groundball, 56S, EV 91.2 MPH)
|
| Bottom of the 3rd over - 0 runs, 0 hits, 0 errors, 0 left on base; Altoona 0 - San Antonio 5 |
| TOP OF THE 4TH |
|
Altoona Curve batting - Pitching for San Antonio Missions : LHP Luis Sanchez
|
|
Batting: RHB Melvin Durland
|
0-0: Called Strike 0-1: Ground out 1-3 (Groundball, 13, EV 68.8 MPH)
|
|
Batting: RHB Jeff Edwards
|
0-0: Ball 1-0: Foul Ball, location: 2F 1-1: Ball 2-1: Ball 3-1: Base on Balls
|
|
Batting: SHB Ronnie Brooks
|
0-0: Ball 1-0: Foul Ball, location: 2F 1-1: Foul Ball, location: 2F 1-2: Ball 2-2: Fly out, F8 (Flyball, 8LM, EV 88.1 MPH)
|
|
Batting: RHB Joe Young
|
0-0: Fly out, F9 (Flyball, 9D, EV 99.4 MPH)
|
| Top of the 4th over - 0 runs, 0 hits, 0 errors, 1 left on base; Altoona 0 - San Antonio 5 |
| BOTTOM OF THE 4TH |
|
San Antonio Missions batting - Pitching for Altoona Curve : RHP Hitoshi Yoshihara
|
|
Batting: RHB Mike MacLeod
|
0-0: Called Strike 0-1: Ball 1-1: Called Strike 1-2: Ball 2-2: Strikes out swinging
|
|
Batting: LHB Pat Aviles
|
0-0: Swinging Strike 0-1: Called Strike 0-2: Ball 1-2: Ball 2-2: Ball 3-2: Base on Balls
|
|
Batting: RHB Kory Sanchez
|
0-0: Called Strike 0-1: Swinging Strike 0-2: Ball 1-2: Foul Ball, location: 2F 1-2: Ball 2-2: SINGLE (Line Drive, 4MD, EV 99.4 MPH) Pat Aviles to second Runner from 2nd tries for 3rd, SAFE, throw by CF made to third
|
|
Batting: LHB Chad Cutler
|
0-0: Ball 1-0: Ball 2-0: Called Strike 2-1: Foul Ball, location: 2F 2-2: Strikes out swinging
|
|
Batting: RHB Chase Briney
|
0-0: Called Strike 0-1: Ball 1-1: Ball 2-1: Foul Ball, location: 2F 2-2: Ball 3-2: DOUBLE (Line Drive, 89D, EV 113.8 MPH) Pat Aviles scores Kory Sanchez to third Kory Sanchez scores
|
|
Batting: RHB Caleb Russell
|
0-0: Ball 1-0: Called Strike 1-1: Ball 2-1: Swinging Strike 2-2: Strikes out swinging
|
| Bottom of the 4th over - 2 runs, 2 hits, 0 errors, 1 left on base; Altoona 0 - San Antonio 7 |
| TOP OF THE 5TH |
|
Altoona Curve batting - Pitching for San Antonio Missions : LHP Luis Sanchez
|
|
Batting: LHB Carlos Vega
|
0-0: TRIPLE (Line Drive, 9D, EV 105.6 MPH)
|
|
Batting: LHB Donald Imre
|
0-0: Ball 1-0: Swinging Strike 1-1: Ball 2-1: Ball 3-1: Called Strike 3-2: Foul Ball, location: 2F 3-2: SINGLE (Groundball, 6MD, EV 102.5 MPH) Carlos Vega scores
|
|
Batting: LHB Mike Handrahan
|
0-0: Called Strike 0-1: Ball 1-1: Swinging Strike 1-2: Strikes out swinging
|
|
Batting: RHB Terrence Wilson
|
0-0: Called Strike 0-1: Ball 1-1: Ball 2-1: Ball 3-1: Base on Balls Donald Imre to second
|
|
Batting: RHB Jaime Dubicki
|
0-0: Ball 1-0: Called Strike 1-1: Called Strike 1-2: Ball 2-2: Foul Ball, location: 2F 2-2: Strikes out looking
|
|
Batting: RHB Melvin Durland
|
0-0: Ball 1-0: Ball 2-0: Fly out, F9 (Flyball, 9LM, EV 90.0 MPH)
|
| Top of the 5th over - 1 run, 2 hits, 0 errors, 2 left on base; Altoona 1 - San Antonio 7 |
| BOTTOM OF THE 5TH |
|
San Antonio Missions batting - Pitching for Altoona Curve : RHP Hitoshi Yoshihara
|
|
Batting: RHB Andres Valles
|
0-0: Foul Ball, location: 2F 0-1: Ball 1-1: Foul Ball, location: 2F 1-2: Ball 2-2: Strikes out swinging
|
|
Batting: RHB Travis Carter
|
0-0: Called Strike 0-1: Ball 1-1: Foul Ball, location: 2F 1-2: Strikes out swinging
|
|
Batting: RHB Niek de Haan
|
0-0: Ball 1-0: Foul Ball, location: 2F 1-1: Ball 2-1: Foul Ball, location: 2F 2-2: Foul Ball, location: 2F 2-2: Ball 3-2: Ground out U3 (Groundball, 34S, EV 83.8 MPH)
|
| Bottom of the 5th over - 0 runs, 0 hits, 0 errors, 0 left on base; Altoona 1 - San Antonio 7 |
| TOP OF THE 6TH |
|
Altoona Curve batting - Pitching for San Antonio Missions : LHP Luis Sanchez
|
|
Batting: RHB Jeff Edwards
|
0-0: Called Strike 0-1: Ball 1-1: Ground out 6-3 (Groundball, 6S, EV 75.6 MPH)
|
|
Batting: SHB Ronnie Brooks
|
0-0: Called Strike 0-1: SINGLE (Line Drive, 78S, EV 105.6 MPH)
|
|
Batting: RHB Joe Young
|
0-0: Ball 1-0: Grounds into double play, 4-6-3 (Groundball, 4, EV 103.1 MPH)
|
| Top of the 6th over - 0 runs, 1 hit, 0 errors, 0 left on base; Altoona 1 - San Antonio 7 |
| BOTTOM OF THE 6TH |
|
San Antonio Missions batting - Pitching for Altoona Curve : RHP Hitoshi Yoshihara
|
|
Pitching: RHP Franklin Amaro
|
|
|
Batting: RHB Mike MacLeod
|
0-0: Called Strike 0-1: Swinging Strike 0-2: Foul Ball, location: 2F 0-2: Foul Ball, location: 2F 0-2: SINGLE (Groundball, 6S, EV 96.9 MPH)
|
|
Batting: LHB Pat Aviles
|
0-0: Grounds into double play, 4-6-3 (Groundball, 4, EV 103.8 MPH)
|
|
Batting: RHB Kory Sanchez
|
0-0: Ball 1-0: Foul Ball, location: 2F 1-1: Foul Ball, location: 2F 1-2: Strikes out looking
|
| Bottom of the 6th over - 0 runs, 1 hit, 0 errors, 0 left on base; Altoona 1 - San Antonio 7 |
| TOP OF THE 7TH |
|
Altoona Curve batting - Pitching for San Antonio Missions : LHP Luis Sanchez
|
|
Batting: LHB Carlos Vega
|
0-0: Fly out, F9 (Flyball, 9LS, EV 77.5 MPH)
|
|
Batting: LHB Donald Imre
|
0-0: Called Strike 0-1: Ball 1-1: Ball 2-1: Foul Ball, location: 2F 2-2: Ball 3-2: Strikes out looking
|
|
Batting: LHB Mike Handrahan
|
0-0: Swinging Strike 0-1: Ball 1-1: Foul Ball, location: 2F 1-2: Fly out, F8 (Line Drive, 8RM, EV 87.5 MPH)
|
| Top of the 7th over - 0 runs, 0 hits, 0 errors, 0 left on base; Altoona 1 - San Antonio 7 |
| BOTTOM OF THE 7TH |
|
San Antonio Missions batting - Pitching for Altoona Curve : RHP Franklin Amaro
|
|
Batting: LHB Chad Cutler
|
0-0: Fly out, F7 (Line Drive, 7S, EV 104.4 MPH)
|
|
Batting: RHB Chase Briney
|
0-0: Ball 1-0: Ball 2-0: Ball 3-0: Called Strike 3-1: Fly out, F8 (Flyball, 8LM, EV 77.5 MPH)
|
|
Batting: RHB Caleb Russell
|
0-0: SINGLE (Flyball, 4D, EV 87.5 MPH)
|
|
Batting: RHB Andres Valles
|
0-0: Ball 1-0: Called Strike 1-1: Swinging Strike 1-2: Ball 2-2: Foul Ball, location: 2F 2-2: Foul Ball, location: 2F 2-2: Strikes out looking
|
| Bottom of the 7th over - 0 runs, 1 hit, 0 errors, 1 left on base; Altoona 1 - San Antonio 7 |
| TOP OF THE 8TH |
|
Altoona Curve batting - Pitching for San Antonio Missions : LHP Luis Sanchez
|
|
Pitching: RHP Danny Rasdall
|
|
|
Batting: RHB Terrence Wilson
|
0-0: Ball 1-0: Ball 2-0: Ground out 6-3 (Groundball, 56, EV 76.2 MPH)
|
|
Batting: RHB Jaime Dubicki
|
0-0: DOUBLE (Line Drive, 89D, EV 109.4 MPH)
|
|
Batting: RHB Melvin Durland
|
0-0: Ball 1-0: Ball 2-0: Called Strike 2-1: Swinging Strike 2-2: Strikes out swinging
|
|
Batting: RHB Jeff Edwards
|
0-0: Ball 1-0: SINGLE (Groundball, 6MD, EV 103.1 MPH) Jaime Dubicki to third Runner from 3rd tries for Home, SAFE, throw by CF to home
|
|
Batting: SHB Ronnie Brooks
|
0-0: Ball 1-0: Called Strike 1-1: Ball 2-1: Foul Ball, location: 2F 2-2: Ground out 4-3 (Groundball, 4, EV 106.2 MPH)
|
| Top of the 8th over - 1 run, 2 hits, 0 errors, 1 left on base; Altoona 2 - San Antonio 7 |
| BOTTOM OF THE 8TH |
|
San Antonio Missions batting - Pitching for Altoona Curve : RHP Franklin Amaro
|
|
Batting: RHB Travis Carter
|
0-0: Ball 1-0: Ball 2-0: Called Strike 2-1: Swinging Strike 2-2: Strikes out swinging
|
|
Batting: RHB Niek de Haan
|
0-0: Called Strike 0-1: Fly out, F8 (Flyball, 8RXD, EV 106.9 MPH)
|
|
Batting: RHB Mike MacLeod
|
0-0: Ball 1-0: Foul Ball, location: 2F 1-1: Swinging Strike 1-2: Strikes out swinging
|
| Bottom of the 8th over - 0 runs, 0 hits, 0 errors, 0 left on base; Altoona 2 - San Antonio 7 |
| TOP OF THE 9TH |
|
Altoona Curve batting - Pitching for San Antonio Missions : RHP Danny Rasdall
|
|
Batting: RHB Joe Young
|
0-0: Ball 1-0: Ball 2-0: Ball 3-0: Called Strike 3-1: Foul Ball, location: 2F 3-2: Foul Ball, location: 2F 3-2: Strikes out looking
|
|
Batting: LHB Carlos Vega
|
0-0: Ball 1-0: SINGLE (Groundball, 4MD, EV 98.8 MPH)
|
|
Batting: LHB Donald Imre
|
0-0: Ball 1-0: Ball 2-0: Grounds into double play, 4-6-3 (Groundball, 4, EV 86.2 MPH)
|
| Top of the 9th over - 0 runs, 1 hit, 0 errors, 0 left on base; Altoona 2 - San Antonio 7 |
|